 Dungeon Crawl Stone Soup version 0.13.0-29-gdb529de (webtiles) character file.

727 SadRobot the Chiller (level 7, -1/46 HPs)
             Began as a Mummy Ice Elementalist on Nov 8, 2013.
             Slain by a sky beast (2 damage)
             ... on Level 6 of the Dungeon.
             The game lasted 00:23:11 (9939 turns).

SadRobot the Chiller (Mummy Ice Elementalist)       Turns: 9939, Time: 00:23:12

HP  -1/46        AC  9     Str 11      XL: 7   Next: 10%
MP  10/10        EV 10     Int 16      God:
Gold 161         SH  0     Dex 12      Spells:  3 memorised,  2 levels left

Res.Fire  : x . .   See Invis. : .   i - +2,+1 orc mace (protect)
Res.Cold  : + . .   Warding    : +   f - +1 leather armour (curse)
Life Prot.: + + +   Conserve   : .   (no shield)
Res.Poison: +       Res.Corr.  : .   (no helmet)
Res.Elec. : .       Clarity    : .   (no cloak)
Sust.Abil.: . .     Spirit.Shd : .   (no gloves)
Res.Mut.  : .       Stasis     : .   (no boots)
Res.Rott. : +       Flight     : .   d - cursed amulet of warding
Saprovore : . . .                    (no ring)
                                     (no ring)

@: somewhat resistant to hostile enchantments, unstealthy
A: no food or potions, fire vulnerability, restore body, cold resistance 1, life
protection 3, poison resistance, torment resistance, unbreathing
a: no special abilities


You were on level 6 of the Dungeon.
You were not hungry.

You visited 1 branch of the dungeon, and saw 7 of its levels.

You collected 141 gold pieces.

Inventory:

Hand weapons
 e - a +0,+0 orcish club
 i - a +2,+1 orcish mace of protection (weapon)
 m - a +0,+0 halberd
 n - a +2,+0 dagger of freezing
Missiles
 g - 14 darts (quivered)
 k - 24 poisoned needles
Armour
 a - a +0 robe
 f - a cursed +1 leather armour (worn)
Magical devices
 h - a wand of magic darts (11)
 j - a wand of fireball (3)
 p - a wand of frost (1)
Scrolls
 c - 5 scrolls of remove curse {unknown}
Jewellery
 d - a cursed amulet of warding (around neck)
Books
 b - a book of Frost

   Spells                             Type                      Level
   *Freeze                            Ice                          1
   *Throw Frost                       Conjuration/Ice              2
   *Ozocubu's Armour                  Charms/Ice                   3
   Throw Icicle                       Conjuration/Ice              4
   Summon Ice Beast                   Ice/Summoning                4
   Condensation Shield                Ice                          4


   Skills:
 - Level 1.5 Dodging
 - Level 1.5 Stealth
 - Level 1.0 Spellcasting
 + Level 4.7 Conjurations
 - Level 4.7 Ice Magic


You had 2 spell levels left.
You knew the following spells:

 Your Spells              Type           Power        Failure   Level  Hunger
a - Freeze                Ice            ###.         3%          1    N/A
b - Ozocubu's Armour      Chrm/Ice       #.........   28%         3    N/A
c - Throw Frost           Conj/Ice       ###...       6%          2    N/A

Dungeon Overview and Level Annotations

Branches:
Dungeon (7/27)
 Temple: D:4-7          Orc: D:6-11

Altars:
Fedhas
Makhleb
Trog

Annotations:
D:5 Chudej's ghost, average CeHu
D:6 Blork the orc
D:7 Joseph


Innate Abilities, Weirdness & Mutations

You do not eat or drink.
Your flesh is vulnerable to fire.
Your flesh is cold resistant.
You are immune to negative energy.
Your system is resistant to poisons.
You are immune to unholy pain and torment.
You can survive without breathing.


Message History

It was a scroll of enchant weapon II.
It hits you but does no damage. The crimson imp hits you.
* * * LOW HITPOINT WARNING * * *
Unknown command.
Casting: Freeze
Confirm with . or Enter, or press ? or * to list all spells.
Okay, then.
Unknown command.
Evoke which item? (* to show all) (? for menu, Esc to quit)
Okay, then.
It hits you but does no damage. The crimson imp barely misses you.
You climb upwards.
Level annotation: Blork the orc The phantom hits you.
* * * LOW HITPOINT WARNING * * *
There is a stone staircase leading down here.
Unknown command.
Unknown command.
It hits you.
You die...

#.....# #.....#
#.....# #.....#
###+####.....#
..............#
............###
#########...#
#{@.# #>..#
#p5.# #...#
#...# #....
#..### #..#
#..#


You could see a phantom and a crimson imp.

Vanquished Creatures
  An ogre (D:4)
  2 crimson imps (D:5)
  2 hounds
  A giant frog skeleton (D:5)
  A scorpion (D:5)
  An iguana (D:4)
  Ijyb (D:3)
  4 gnolls
  9 adders
  A giant mite (D:6)
  2 worms
  2 giant geckos
  6 orcs (D:3)
  2 ball pythons (D:3)
  A bat skeleton (D:4)
  A bat zombie (D:5)
  4 giant cockroaches (D:3)
  13 hobgoblins
  13 jackals
  4 quokkas
  14 bats
  4 giant newts
  19 goblins
  9 kobolds
  10 rats
127 creatures vanquished.

Notes
Turn   | Place    | Note
--------------------------------------------------------------
     0 | D:1      | SadRobot, the Mummy Ice Elementalist, began the quest for the Orb.
     0 | D:1      | Reached XP level 1. HP: 13/13 MP: 3/3
   720 | D:1      | Reached XP level 2. HP: 16/19 MP: 0/4
   742 | D:1      | Reached skill level 3 in Ice Magic
  2446 | D:1      | Reached XP level 3. HP: 22/24 MP: 1/5
  2858 | D:2      | Learned a level 3 spell: Ozocubu's Armour
  2936 | D:2      | Found a bloodstained altar of Trog.
  3145 | D:2      | Reached skill level 4 in Ice Magic
  3209 | D:2      | Reached XP level 4. HP: 26/30 MP: 0/7
  4812 | D:3      | Reached XP level 5. HP: 15/35 MP: 2/8
  5001 | D:2      | Learned a level 2 spell: Throw Frost
  5264 | D:2      | Reached skill level 1 in Conjurations
  5658 | D:3      | Found a burning altar of Makhleb.
  6645 | D:3      | Noticed Ijyb
  6983 | D:3      | Killed Ijyb
  7701 | D:4      | Found a blossoming altar of Fedhas.
  7779 | D:4      | Reached XP level 6. HP: 41/41 MP: 9/9
  8210 | D:5      | Entered Level 5 of the Dungeon
  8966 | D:4      | Reached XP level 7. HP: 22/46 MP: 0/10
  9686 | D:5      | Noticed Chudej's ghost (average CeHu)
  9710 | D:6      | Noticed Blork the orc
  9933 | D:7      | Noticed Joseph
  9938 | D:6      | HP: 1/46 [phantom (3)]
  9939 | D:6      | Slain by a sky beast

Action                   |  1- 3 |  4- 6 |  7- 9 || total
-------------------------+-------+-------+-------++-------
Melee: Club              |    30 |    29 |       ||    59
       Mace              |       |    64 |    19 ||    83
Throw: Dart              |     4 |     6 |       ||    10
 Cast: Freeze            |    50 |   129 |    15 ||   194
       Throw Frost       |       |    18 |     1 ||    19
       Ozocubu's Armour  |       |     5 |     2 ||     7
Evoke: Wand              |     2 |     2 |       ||     4
  Use: Scroll            |     2 |     8 |     3 ||    13
